 Dungeon Crawl Stone Soup version 0.27-a0-1202-ge72e49191c (webtiles) character file.

Game seed: 9271965612215411862

10583 hilljack the Blocker (level 11, -14/148 HPs)
             Began as a Minotaur Fighter on June 4, 2021.
             Was a High Priest of Fedhas.
             Demolished by a phantasmal warrior (29 damage)
             ... led by a death knight
             ... on level 1 of the Lair of Beasts.
             The game lasted 00:22:00 (12805 turns).

hilljack the Blocker (Minotaur Fighter)            Turns: 12805, Time: 00:22:00

Health: -14/148    AC: 10    Str: 21    XL:     11   Next: 38%
Magic:  0/10       EV: 15    Int:  7    God:    Fedhas [*****.]
Gold:   457        SH: 13    Dex: 17    Spells: 10/10 levels left

rFire    . . .     SeeInvis .   a - +11 dagger of Eternal Vigilance {vorpal, Dex+4}
rCold    + . .     Faith    .   c - +1 kite shield
rNeg     . . .     Spirit   +   n - +3 leather armour
rPois    +         Reflect  .   A - +1 hat
rElec    .         Harm     .   (no cloak)
rCorr    .         Rampage  .   (no gloves)
Will     .....                  p - +1 pair of boots
Stlth    ..........             H - amulet of guardian spirit
HPRegen  0.34/turn              l - ring of poison resistance
MPRegen  0.12/turn              (no ring)

@: berserking, weak-willed, studying Crossbows, very quick
A: horns 2, retaliatory headbutt, clever 1, cold resistance 1, MP-powered wands
a: Renounce Religion, Wall of Briars, Grow Ballistomycete, Overgrow, Grow Oklob


You were on level 1 of the Lair of Beasts.
You worshipped Fedhas.
Fedhas was extremely pleased with you.
You visited 3 branches of the dungeon, and saw 13 of its levels.

You collected 698 gold pieces.
You spent 241 gold pieces at shops.

Inventory:

Hand Weapons
 a - the +11 dagger of Eternal Vigilance (weapon) {vorpal, Dex+4}
   (You found it on level 7 of the Dungeon)

   It inflicts extra damage upon your enemies.
   It affects your dexterity (+4).
 b - the +5 hand crossbow of Doom {freeze, Str+3}
   (You bought it in a shop on level 2 of the Dungeon)

   It causes projectiles fired from it to freeze those they strike, causing
   extra injury to most foes and up to half again as much damage against
   particularly susceptible opponents.
   They can also slow down cold-blooded creatures.
   It affects your strength (+3).
 q - a +4 trident of pain
 z - a +2 dagger of venom
Missiles
 s - 2 curare-tipped darts
 u - 41 poisoned darts
 x - 61 bolts
Armour
 c - a +1 kite shield (worn)
 n - a +3 leather armour (worn)
 p - a +1 pair of boots (worn)
 A - a +1 hat (worn)
 B - a +0 pair of gloves
Jewellery
 l - a ring of poison resistance (left hand)
 H - an amulet of guardian spirit (around neck)
Wands
 y - a wand of polymorph (8)
 C - a wand of flame (22)
 E - a wand of charming (5)
 I - a wand of digging (3)
Scrolls
 e - a scroll of fog
 i - a scroll of enchant armour
 k - 6 scrolls of teleportation
 t - 3 scrolls of amnesia
 w - a scroll of fear
 D - a scroll of magic mapping
 G - a scroll of summoning
 K - a scroll of acquirement
Potions
 d - 2 potions of cancellation
 f - 2 potions of lignification
 g - a potion of brilliance
 m - a potion of attraction
 o - 3 potions of mutation
 r - 4 potions of curing
 v - 3 potions of haste {unknown}
 F - a potion of magic {unknown}
 J - a potion of flight {unknown}


   Skills:
 + Level 10.0 Fighting
 - Level 8.4 Long Blades
 + Level 4.6 Polearms
 + Level 7.5 Crossbows
 + Level 10.1 Armour
 + Level 8.2 Dodging
 + Level 10.1 Shields


You had 10 spell levels left.
You didn't know any spells.
Your spell library contained the following spells:

 Spells                   Type           Power      Damage    Failure   Level
 Beastly Appendage        Tmut           0%         N/A       69%         1
 Wereblood                Tmut           0%         N/A       83%         2
 Spider Form              Tmut/Pois      0%         N/A       96%         3
 Animate Armour           Summ/Erth      0%         N/A       100%        4
 Cause Fear               Hex            0%         N/A       100%        4
 Ice Form                 Ice/Tmut       0%         N/A       100%        4
 Leda's Liquefaction      Hex/Erth       0%         N/A       100%        4
 Bolt of Magma            Conj/Fire/Erth 0%         4d4       100%        5
 Hydra Form               Tmut           0%         N/A       100%        5
 Silence                  Hex/Air        0%         N/A       100%        5
 Yara's Violent Unravell  Hex/Tmut       0%         3d3       100%        5
 Iron Shot                Conj/Erth      0%         9d1       100%        6
 Statue Form              Tmut/Erth      0%         N/A       100%        6
 Discord                  Hex            0%         N/A       100%        8
 Shatter                  Erth           0%         3d5*      100%        9


Dungeon Overview and Level Annotations

Branches:
Dungeon (11/15)            Temple (1/1) D:5            Lair (1/6) D:11
    Orc: D:9-12

Altars:
Cheibriados
Dithmenos
Elyvilon
Fedhas
Kikubaaqudgha
Makhleb
Nemelex Xobeh
Qazlal
Ru
Sif Muna
Trog
Uskayaw
Vehumet
Wu Jian
Xom
Yredelemnul
Zin
The Shining One

Shops:
D:2 :[**=   D:7 *


Innate Abilities, Weirdness & Mutations

You have a pair of horns on your head.
You reflexively headbutt those who attack you in melee.
Your mind is acute. (Int +2)
Your flesh is cold resistant. (rC+)
You expend magic power (3 MP) to strengthen your wands.


Message History

You are too injured to fight recklessly!
You are too injured to fight recklessly!
You are too injured to fight recklessly!
You are too injured to fight recklessly!
You are too injured to fight recklessly!
You are too injured to fight recklessly!
You are too injured to fight recklessly!
Okay, then.
You feel stronger.
The +5 hand crossbow of Doom {freeze, Str+3} is covered in frost.
b - the +5 hand crossbow of Doom (weapon)
{freeze, Str+3} You block the phantasmal warrior's attack.
The wyvern bites you. The phantasmal warrior misses you.
You furiously retaliate!
You headbutt the phantasmal warrior.
You are too injured to fight recklessly!
Fire: 62 bolts
Press: ? - help, Q - select action, (/) - cycle Shift-Dir - straight line, f - phantasmal warrior
Aim: a phantasmal warrior (lightly damaged, 73% to hit)
You shoot a bolt.
The bolt closely misses the phantasmal warrior.
The wyvern bites you but does no damage.
The phantasmal warrior hits you!!
* * * LOW HITPOINT WARNING * * *
You block the phantasmal warrior's attack.
Okay, then.
The +5 hand crossbow of Doom {freeze, Str+3} stops glowing.
You feel agile.
a - the +11 dagger of Eternal Vigilance (weapon)
{vorpal, Dex+4} You block the wyvern's attack.
You feel much better. You block the wyvern's attack.
The phantasmal warrior hits you! The phantasmal warrior hits you!!
* * * LOW HITPOINT WARNING * * *
The wyvern completely misses you.
A red film seems to cover your vision as you go berserk!
You feel yourself moving faster!
You feel mighty! The phantasmal warrior hits you!
* * * LOW HITPOINT WARNING * * *
The phantasmal warrior hits you!!
You die...
Fedhas appreciates your contribution to the ecosystem.

.... .. .).
... .. #...
#.. .##.(.. .
#..#....?..
#.###........
#..........
#...?.l.W#
#.....W@#
........#
.)....###
...... #(...
..../ ....
....


You could see 2 phantasmal warriors and a wyvern.

Vanquished Creatures
  Josephine (D:10)
  2 two-headed ogres (D:10)
  2 hornets
  A slime creature (D:5)
  A meliai zombie (D:10)
  Prince Ribbit (D:7)
  6 wraiths
  Sigmund (D:3)
  A wyvern (D:10)
  3 shadows (D:10)
  5 yaks
  3 steam dragons
  A water moccasin (D:4)
  An ice beast (D:5)
  A sky beast (D:5)
  An ogre (D:6)
  2 orc warriors
  4 centaurs
  A phantom (D:7)
  6 kobold brigands
  Blork the orc (D:4)
  2 bullfrogs (D:9)
  3 gnoll sergeants
  2 scorpions
  A howler monkey (D:6)
  4 electric eels (D:10)
  4 centaur zombies
  3 hounds
  4 orc priests
  4 centaur skeletons
  5 jellies
  2 bullfrog skeletons
  2 bullfrog zombies (D:5)
  2 iguanas
  Jessica (D:3)
  8 orc wizards
  2 killer bee zombies
  A hound skeleton (D:4)
  A howler monkey zombie (D:8)
  14 gnolls
  8 adders
  2 white imps
  3 ufetubi (D:5)
  An adder skeleton (D:4)
  A worm (D:3)
  A dart slug (D:3)
  27 orcs
  6 bats
  8 endoplasms
  A giant cockroach (D:4)
  6 goblins
  6 hobgoblins
  7 jackals
  13 kobolds
  5 quokkas
  2 ball pythons (D:3)
  2 frilled lizards
  A rat (D:1)
210 creatures vanquished.

Vanquished Creatures (collateral kills)
  Gastronok (D:8)
  Grinder (D:3)
  A worm (D:4)
  4 ballistomycete spores (D:5)
7 creatures vanquished.

Vanquished Creatures (others)
  A quokka (D:5)
  4 fungi (D:5)
  2 plants (D:2)
  10 toadstools (D:5)
17 creatures vanquished.

Grand Total: 234 creatures vanquished

Notes
Turn   | Place    | Note
-------+----------+-------------------------------------------
     0 | D:1      | hilljack the Minotaur Fighter began the quest for the Orb.
     0 | D:1      | Reached XP level 1. HP: 19/19 MP: 0/0
   129 | D:1      | Reached XP level 2. HP: 27/27 MP: 1/1
   178 | D:1      | Found a faded altar of an unknown god.
   181 | D:1      | Became a worshipper of Fedhas Madash
   181 | D:1      | Reached * piety under Fedhas
   717 | D:2      | Found Luvafraf's Book Shoppe.
   869 | D:2      | Reached XP level 3. HP: 30/33 MP: 2/2
  1101 | D:2      | Found Qeqif's Antique Armour Emporium.
  1130 | D:2      | Found Baghatz's Assorted Antiques.
  1144 | D:2      | Bought a scroll labelled AWESOINUEHE for 23 gold pieces
  1149 | D:2      | Acquired a manual of Crossbows
  1164 | D:2      | Found Ydume's Assorted Antiques.
  1223 | D:2      | Found Duoha's Jewellery Emporium.
  1394 | D:3      | Noticed Jessica
  1406 | D:3      | Killed Jessica
  1407 | D:3      | Reached skill level 1 in Dodging
  1407 | D:3      | Reached XP level 4. HP: 25/40 MP: 3/3
  1669 | D:2      | Reached XP level 5. HP: 45/47 MP: 4/4
  1708 | D:3      | Noticed Sigmund
  1712 | D:3      | Killed Sigmund
  1712 | D:3      | Reached ** piety under Fedhas
  1713 | D:3      | Reached skill level 5 in Shields
  1713 | D:3      | Reached XP level 6. HP: 45/55 MP: 5/5
  1955 | D:3      | Found a shimmering altar of Xom.
  2002 | D:3      | Noticed Grinder
  2008 | D:3      | Reached skill level 5 in Armour
  2011 | D:3      | Reached skill level 5 in Fighting
  2028 | D:3      | Gained mutation: You expend magic power (3 MP) to
                  | strengthen your wands. [potion of mutation]
  2028 | D:3      | Gained mutation: Your flesh is cold resistant. (rC+)
                  | [potion of mutation]
  2028 | D:3      | Gained mutation: Your mind is acute. (Int +2) [potion of
                  | mutation]
  2040 | D:3      | Killed Grinder
  2587 | D:4      | Reached XP level 7. HP: 61/61 MP: 6/6
  2633 | D:4      | Noticed Blork the orc
  2642 | D:4      | Killed Blork the orc
  2743 | D:4      | Found a snail-covered altar of Cheibriados.
  2831 | D:4      | Reached skill level 5 in Long Blades
  3265 | D:4      | Found a burning altar of Makhleb.
  3633 | D:5      | Entered Level 5 of the Dungeon
  3768 | D:5      | Reached XP level 8. HP: 67/70 MP: 7/7
  4089 | D:5      | Found a staircase to the Ecumenical Temple.
  4102 | Temple   | Entered the Ecumenical Temple
  4355 | D:5      | Reached *** piety under Fedhas
  5099 | D:5      | Noticed a slime creature
  5105 | D:5      | Killed a slime creature
  5106 | D:5      | Reached skill level 5 in Dodging
  5375 | D:5      | Found a white marble altar of Elyvilon.
  5988 | D:6      | Reached XP level 9. HP: 79/79 MP: 8/8
  7092 | D:7      | Found a shadowy altar of Dithmenos.
  7423 | D:7      | Reached **** piety under Fedhas
  7455 | D:7      | Identified the +11 dagger of Eternal Vigilance {vorpal,
                  | Dex+4}
  7612 | D:7      | Noticed an angel
  7615 | D:7      | Found Fucsoanga's Hallowed Reliquary.
  7769 | D:2      | Bought a jewelled hand crossbow for 195 gold pieces
  7769 | D:2      | Identified the +5 hand crossbow of Doom {freeze, Str+3}
                  | (You bought it in a shop on level 2 of the Dungeon)
  7769 | D:2      | Bought a scroll labelled ILE NYSELILEA for 23 gold pieces
  8007 | D:7      | Noticed Prince Ribbit
  8015 | D:7      | Killed Prince Ribbit
  8016 | D:7      | Reached skill level 1 in Crossbows
  8662 | D:8      | Reached XP level 10. HP: 28/90 MP: 9/9
  8666 | D:8      | Noticed Gastronok
  8754 | D:8      | Killed Gastronok
  9868 | D:9      | Reached skill level 1 in Polearms
  9954 | D:9      | Found a radiant altar of Vehumet.
 10101 | D:9      | Reached skill level 5 in Crossbows
 10537 | D:9      | Found an ornate altar of the Wu Jian Council.
 10710 | D:10     | Entered Level 10 of the Dungeon
 11164 | D:10     | Noticed a two-headed ogre
 11165 | D:10     | Noticed a two-headed ogre
 11172 | D:10     | Killed a two-headed ogre
 11178 | D:10     | Killed a two-headed ogre
 11178 | D:10     | Reached ***** piety under Fedhas
 11179 | D:10     | Reached XP level 11. HP: 62/97 MP: 6/10
 11821 | D:10     | Noticed Josephine
 11832 | D:10     | Killed Josephine
 11839 | D:10     | Reached skill level 10 in Shields
 11847 | D:10     | Reached skill level 10 in Armour
 12601 | D:11     | Reached skill level 10 in Fighting
 12741 | D:11     | Found a staircase to the Lair.
 12792 | D:11     | Noticed a death knight
 12792 | D:11     | Noticed a phantasmal warrior
 12792 | D:11     | Noticed a phantasmal warrior
 12792 | D:11     | Noticed a phantasmal warrior
 12799 | Lair:1   | Entered Level 1 of the Lair of Beasts
 12805 | Lair:1   | Demolished by a phantasmal warrior

Illustrated notes

Levels and vault maps discovered:
D:1:      scummos_arrival_simple_fountains, layout_basic,
          shapermc_ecumenical_altar_mp_ritualfount, hex_medium
D:2:      layout_loops_ring, serial_shops, nicolae_shop_stone,
          nicolae_shop_overgrown_old_shop, shop_fountains, shop, shop
D:3:      layout_rooms, brannock_xom_greatest_gift, uniq_sigmund, uniq_grinder,
          uniq_jessica
D:4:      layout_cave_pools, old_standard_altar, lightli_temple_of_fire,
          minmay_small_thing, uniq_blork_the_orc
D:5:      cheibrodos_fertilizer, layout_rooms, elyvilon_altar_4,
          minmay_temple_entry_arrows, serial_rivers,
          chequers_serial_rivers_room_a, chequers_serial_rivers_room_b,
          chequers_serial_rivers_small_3, chequers_serial_rivers_micro_a
D:6:      layout_gridville
D:7:      layout_rooms, grunt_dithmenos_shadows, nicolae_overflow_hidden_temple,
          nicolae_good_shop, uniq_prince_ribbit1
D:8:      layout_loops_cross, uniq_gastronok
D:9:      layout_irregular_city, nzn_wu_jian_council_hall, vehumet_crystals
D:10:     layout_basic, minmay_chambers_of_fives, uniq_josephine
D:11:     layout_irregular_city, lair_entry_dummy, orc_david_3
Temple:   minmay_temple_curvy_loop
Lair:1:   layout_misc_corridors, grunt_megastairs_1, lemuel_fruit_fields

Skill      XL: |  1  2  3  4  5  6  7  8  9 10 11 |
---------------+----------------------------------+-----
Shields        | 4 5 6 7 8 9 10 | 10.1
Fighting       | 4 5 6 7 8 9 10 | 10.0
Armour         | 4 5 6 7 8 9 10 | 10.1
Long Blades    | 3 4 5 6 8 |  8.4
Dodging        | 1 2 3 4 5 6 7 8 |  8.2
Crossbows      | 2 6 7 |  7.5
Polearms       | 3 4 |  4.6

Action                   |  1- 3 |  4- 6 |  7- 9 | 10-12 || total
-------------------------+-------+-------+-------+-------++-------
Melee: Long sword        |    69 |    65 |   266 |       ||   400
       Headbutt          |    14 |    10 |    70 |    64 ||   158
       Dagger            |       |       |    87 |   179 ||   266
 Fire: Hand crossbow     |       |       |       |    26 ||    26
Invok: Wall of Briars    |       |     1 |       |       ||     1
       Grow Ballistomyce |       |       |     1 |     1 ||     2
  Use: Scroll            |     6 |       |    12 |     5 ||    23
       Potion            |       |     5 |     1 |     2 ||     8
 Stab: Sleeping          |       |       |     1 |     1 ||     2
Armor: Scale mail        |    26 |       |       |       ||    26
       Leather armour    |    18 |    29 |   113 |    33 ||   193
       Skin              |       |     1 |       |       ||     1
Dodge: Dodged            |    30 |    31 |   162 |    63 ||   286
Block: Kite shield       |    46 |    35 |   224 |    88 ||   393
       Rpst.: Long sword |     9 |    13 |    27 |       ||    49

Table legend: (Time is in decaauts)
 A = Elapsed time spent in this place.
 B = Non-inter-level travel time spent in this place.
 C = Inter-level travel time spent in this place.
 D = Time resting spent in this place.
 E = Time spent auto-exploring this place.
 F = Levels seen in this place.
 G = Mean time per level.
                   A        B        C        D        E       F      G
               +--------+--------+--------+--------+--------+-----+--------+
         Total |  12944 |  12275 |    669 |   3113 |   7429 |  13 |  995.7 |
       Dungeon |  12704 |  12060 |    644 |   3113 |   7218 |  11 | 1154.9 |
        Temple |    235 |    211 |     24 |      0 |    210 |   1 |  235.0 |
          Lair |      4 |      4 |      0 |      0 |      0 |   1 |    4.0 |
               +--------+--------+--------+--------+--------+-----+--------+

Top non-repeatable levels by time:
    D:10: 1872 daAuts
     D:5: 1743 daAuts
     D:4: 1534 daAuts
     D:8: 1256 daAuts
     D:7: 1153 daAuts
     D:3: 1119 daAuts
     D:9: 1067 daAuts
     D:2: 1059 daAuts
     D:6: 1056 daAuts
     D:1: 623 daAuts
  Temple: 235 daAuts
    D:11: 217 daAuts
  Lair:1: 4 daAuts
